 Dungeon Crawl Stone Soup version 0.30.1-9-gdf580d7c3d (webtiles) character file.

Game seed: 2808268434180220446

81 ChiefBigBeans the Trooper (level 4, -1/37 HPs)
             Began as a Demonspawn Fighter on Oct 5, 2023.
             Killed from afar by Natasha (5 damage)
             ... with a magic dart
             ... on level 2 of the Dungeon.
             The game lasted 00:01:24 (883 turns).

ChiefBigBeans the Trooper (Demonspawn Fighter)       Turns: 883, Time: 00:01:24

Health: -1/37      AC:  7    Str: 16    XL:     4   Next: 19%
Magic:  4/4        EV:  8    Int: 12    God:
Gold:   125        SH:  5    Dex: 14    Spells: 3/3 levels left

rFire   . . .        a - +0 war axe
rCold   . . .        c - +0 buckler
rNeg    . . .        b - +0 scale mail
rPois   .            g - +0 helmet
rElec   .            (no cloak)
rCorr   .            (no gloves)
SInv    .            (no boots)
Will    .....        (no amulet) Stlth
                     (no ring)
HPRegen 0.26/turn    (no ring)
MPRegen 0.09/turn

%: no passive effects
@: slowed, very slow
A: foul stench 1, big brain 1
a: no special abilities


You were on level 2 of the Dungeon.
You visited 1 branch of the dungeon, and saw 2 of its levels.

You collected 125 gold pieces.

Inventory:

Hand Weapons
 a - a +0 war axe (weapon)
Armour
 b - a +0 scale mail (worn)
 c - a +0 buckler (worn)
 g - a +0 helmet (worn)
Scrolls
 h - a scroll of immolation {unknown}
Potions
 d - 2 potions of might
 e - a potion of flight {unknown}
 f - a potion of mutation {unknown}
 i - a potion of curing {unknown}
 j - a potion of ambrosia {unknown}


   Skills:
 + Level 4.1 Fighting
 - Level 1.7 Axes
 - Level 2.6 Armour
 + Level 3.7 Shields


You had 3 spell levels left.
You didn't know any spells.
Your spell library contained the following spells:

 Spells                   Type           Power      Damage    Failure   Level
 Sandblast                Erth           0%         2d4       83%         1
 Passwall                 Tmut/Erth      0%         N/A       93%         2
 Gell's Gravitas          Tloc           0%         N/A       99%         3
 Ozocubu's Armour         Ice            0%         N/A       99%         3
 Stone Arrow              Conj/Erth      0%         3d7       99%         3
 Teleport Other           Tloc           0%         N/A       99%         3
 Animate Dead             Necr           0%         N/A       100%        4
 Metabolic Englaciation   Hex/Ice        0%         N/A       100%        5
 Dispersal                Tloc           0%         N/A       100%        6
 Simulacrum               Ice/Necr       0%         N/A       100%        6
 Haunt                    Necr/Summ      0%         N/A       100%        7
 Infestation              Necr           0%         N/A       100%        8


Dungeon Overview and Level Annotations

Branches:
Dungeon (2/15)

Altars:

Annotations:
D:2 Natasha


Innate Abilities, Weirdness & Mutations

You may rarely emit foul miasma when damaged in melee.
You have an unusually large brain. (Int +2)


Message History

You barely miss Natasha.
Natasha is severely wounded.
You hit the cerulean imp.
The cerulean imp hits you with a +2 spear.
Natasha claws you. The cerulean imp completely misses you. Natasha claws you.
* * * LOW HITPOINT WARNING * * *
You are too injured to fight recklessly!
You are too injured to fight recklessly!
You are too injured to fight recklessly!
You are too injured to fight recklessly!
You are too injured to fight recklessly!
You are too injured to fight recklessly!
You are too injured to fight recklessly!
You are too injured to fight recklessly!
You are too injured to fight recklessly!
You are too injured to fight recklessly!
You are too injured to fight recklessly!
You are too injured to fight recklessly!
You are too injured to fight recklessly!
You are too injured to fight recklessly!
You are too injured to fight recklessly!
You are too injured to fight recklessly!
You are too injured to fight recklessly!
You are too injured to fight recklessly!
You are too injured to fight recklessly!
You hit the cerulean imp.
The cerulean imp is severely wounded.
You miss Natasha. You block the cerulean imp's attack.
Natasha stares at you and mumbles some strange words.
The magic dart hits you.
* * * LOW HITPOINT WARNING * * *
The cerulean imp hits you but does no damage.
Natasha claws you.
* * * LOW HITPOINT WARNING * * *
A ball python comes into view.
The ball python hisses angrily.
You block the cerulean imp's attack.
Natasha stares at you and mumbles some strange words.
The magic dart hits you.
You die...

#.# ## ###.# ##.
...# #...###..##
#.##......#
#.#.#.......#
...........######
#.#..#.........##
#.@.5.#.......#
##h####.......#
............#.#
......>......##.#
##............##.#
######..#.....#.#
#.S##..###.# ....
.......... #.#
....... ... .#.#
#.#


You could see Natasha, a cerulean imp (summoned) and a ball python.

Vanquished Creatures
  A hound (D:2)
  2 adders (D:2)
  A dart slug (D:1)
  An endoplasm (D:1)
  A giant cockroach (D:1)
  3 goblins (D:1)
  2 hobgoblins (D:1)
  4 jackals (D:1)
  5 quokkas
  2 ball pythons
  2 bats
  A frilled lizard (D:1)
  4 rats
29 creatures vanquished.

Notes
Turn   | Place    | Note
-------+----------+-------------------------------------------
     0 | D:1      | ChiefBigBeans the Demonspawn Fighter began the quest for
                  | the Orb.
     0 | D:1      | Reached XP level 1. HP: 18/18 MP: 1/1
    29 | D:1      | Gained mutation: You have an unusually large brain. (Int
                  | +2) [demonic ancestry]
    29 | D:1      | Reached XP level 2. HP: 21/24 MP: 2/2
   734 | D:2      | Gained mutation: You may rarely emit foul miasma when
                  | damaged in melee. [demonic ancestry]
   734 | D:2      | Reached XP level 3. HP: 28/29 MP: 3/3
   748 | D:2      | Reached skill level 4 in Fighting
   749 | D:2      | Reached XP level 4. HP: 28/37 MP: 4/4
   871 | D:2      | Noticed Natasha
   883 | D:2      | Killed from afar by Natasha

Illustrated notes

Levels and vault maps discovered:
D:1:      lightli_arrival_statuegarden, layout_basic
D:2:      layout_basic, minivault_4, uniq_natasha

Skill      XL: |  1  2  3 |
---------------+----------+-----
Shields        | 3 |  3.7
Fighting       | 4 |  4.1
Axes           | |  1.7
Armour         | |  2.6

Action                     |  1- 3 |  4- 6 || total
---------------------------+-------+-------++-------
  Melee: War axe           |    64 |    23 ||    87
 Armour: Scale mail        |    39 |    13 ||    52
  Dodge: Dodged            |    37 |    17 ||    54
  Block: Buckler           |    13 |     9 ||    22
